AoeStats
← Stwarty13

Arabia

509986017Analyzed
1v1 RM · 5d ago on Sep 28, 2026· 46m 42s· 2 players
Game mode
Random Map
Map size
Tiny (2 player)
Population
200
Speed
Normal
Resources
Standard
Victory
Conquest
Starting age
Dark Age
Ending age
Imperial Age
RankedLock teamsTeams togetherTeam positionsShared explorationLock speedFull tech treeHidden civsTurbo modeCheats
Victory
Defeat
🇲🇳 Celts · Mongolia
1205
+16
🇲🇽 Hindustanis · Mexico
1209
-16
DuDu
10:04 Feudal Age
10:19 Man-at-Arms
15:29 Padded Archer Armor
16:34 Scale Mail Armor
16:53 Double-Bit Axe
17:04 Loom
21:21 Castle Age
20:32 Forging
21:29 Long Swordsman
22:19 Gambesons
22:35 Arson
25:19 Chain Mail Armor
25:37 Horse Collar
26:08 Bow Saw
28:11 Chain Mail Armor
28:46 Elite Skirmisher
31:59 Leather Archer Armor
32:21 Heavy Plow
33:10 Gold Mining
34:42 Town Watch
35:32 Wheelbarrow
37:44 Imperial Age
34:51 Pikeman
38:59 Conscription
38:18 Onager
38:28 Two-Handed Swordsman
39:13 Halberdier
40:47 Plate Mail Armor
42:20 Ring Archer Armor
42:51 Iron Casting
43:47 Fletching
43:40 Siege Onager
Stwarty13
8:39 Loom
11:12 Feudal Age
16:04 Fletching
19:19 Padded Archer Armor
20:28 Double-Bit Axe
20:29 Horse Collar
26:36 Castle Age
26:55 Crossbowman
26:58 Elite Skirmisher
27:37 Bodkin Arrow
28:04 Heavy Plow
30:34 Bloodlines
32:37 Gold Mining
33:52 Wheelbarrow
33:43 Town Watch
34:10 Scale Mail Armor
34:34 Husbandry
36:35 Hand Cart
37:02 Ballistics
38:09 Grand Trunk Road
39:11 Thumb Ring
40:39 Forging
40:44 Leather Archer Armor
43:39 Imperial Age
42:52 Iron Casting
45:34 Blast Furnace
44:34 Bracer
44:58 Conscription
43:58 Elite Ghulam
44:57 Squires
44:43 Arson
Connection lost

Rejoining the realm…

Still unreachable

The connection could not be restored.

Session expired

The server has moved on; the page needs a fresh start.